 Dungeon Crawl Stone Soup version 0.31-a0-233-g139696dc86 (webtiles) character file.

Game seed: 11212956412506882839

371715 Shard1697 the Mender (level 21, -14/194 HPs)
             Began as an Armataur Fighter on July 7, 2023.
             Was a Priest of Elyvilon.
             Demolished by a vault warden
             ... wielding a +0 battleaxe
              (31 damage)
             ... on level 5 of the Vaults.
             The game lasted 01:43:45 (57386 turns).

Shard1697 the Mender (Armataur Fighter)            Turns: 57386, Time: 01:43:45

Health: -14/194    AC: 29    Str: 25    XL:     21   Next: 71%
Magic:  42/44      EV: 10    Int: 17    God:    Elyvilon [***...]
Gold:   2921       SH: 14    Dex: 15    Spells: 16/27 levels left

rFire   + + .        a - +7 eveningstar (flame)
rCold   + . .        w - +1 kite shield {AC+3}
rNeg    + + .        U - +5 ring mail of Dadihaowk {rN+ MP+9}
rPois   .            L - +2 hat {Will+}
rElec   .            M - scarf {rC+ rF+}
rCorr   .            f - +1 pair of gloves of Reason {+Blink}
SInv    .            Q - +2 barding {rF+}
Will    ++...        X - amulet of faith
Stlth   ++++         h - +4 ring of slaying
HPRegen 0.52/turn    Y - ring of the Peasants {rN+ Int+6 Stlth+}
MPRegen 0.29/turn

%: roll, faith
@: on berserk cooldown, slowed, studying 2 skills, very slow
A: large, rugged brown scales 3, deformed body, armoured tail, roll, long
tongue, awkward tongue
}: 2/15 runes: decaying, serpentine
a: Renounce Religion, Evoke Blink, Purification, Heal Other, Heal Self


You were on level 5 of the Vaults.
You worshipped Elyvilon.
Elyvilon was most pleased with you.
You visited 7 branches of the dungeon, and saw 36 of its levels.
You also visited: Sewer and Ice Cave.

You collected 6116 gold pieces.
You spent 3195 gold pieces at shops.

Inventory:

Hand Weapons
 a - a +7 eveningstar of flaming (weapon)
 b - a +4 broad axe
 p - a +4 morningstar of holy wrath
Missiles
 J - 10 curare-tipped darts
 O - 12 silver javelins
Armour
 f - the +1 pair of gloves of Reason (worn) {+Blink}
   (You bought it in a shop on level 5 of the Dungeon)

   +Blink:    It lets you blink.
 w - a +1 kite shield of protection (worn)
 L - a +2 hat of willpower (worn)
 M - a scarf of resistance (worn)
 Q - a +2 barding of fire resistance (worn)
 U - the +5 ring mail of Dadihaowk (worn) {rN+ MP+9}
   (You found it on level 5 of the Lair of Beasts)

   rN:        It protects you from negative energy.
   MP:        It affects your magic capacity (+9).
Jewellery
 h - a +4 ring of slaying (left hand)
 C - a ring of resist corrosion
 F - a ring of flight
 G - a ring of poison resistance
 N - a +4 ring of protection
 X - an amulet of faith (around neck)
 Y - the ring of the Peasants (right hand) {rN+ Int+6 Stlth+}
   (You found it on level 3 of the Swamp)

   [ring of intelligence]

   Int:       It affects your intelligence (+6).
   rN:        It protects you from negative energy.
   Stlth:     It makes you more stealthy.
Wands
 c - a wand of digging (36)
 m - a wand of charming (13)
 v - a wand of quicksilver (52)
 y - a wand of polymorph (9)
 H - a wand of mindburst (57)
 I - a wand of iceblast (29)
Scrolls
 g - a scroll of enchant weapon
 i - a scroll of enchant armour
 j - 3 scrolls of blinking
 l - 6 scrolls of poison
 o - 2 scrolls of silence
 q - 6 scrolls of revelation
 r - 4 scrolls of fear
 t - 17 scrolls of identify
 D - 3 scrolls of fog
 K - 6 scrolls of teleportation
 W - a scroll of brand weapon
Potions
 d - 5 potions of might
 e - 9 potions of curing
 n - 7 potions of mutation
 s - 6 potions of lignification
 u - 4 potions of attraction
 x - 6 potions of haste
 z - 4 potions of resistance
 A - 4 potions of invisibility
 B - 4 potions of brilliance
 P - 4 potions of magic
 R - a potion of ambrosia {unknown}
 S - a potion of cancellation
 Z - a potion of enlightenment
Miscellaneous
 k - a tin of tremorstones (2/2)


   Skills:
 + Level 14.3 Fighting
 - Level 16.5 Maces & Flails
 + Level 13.0 Armour
 - Level 8.5 Dodging
 + Level 6.9 Stealth
 - Level 15.0 Shields
 - Level 3.8 Spellcasting
 - Level 10.5 Translocations
 - Level 10.0 Transmutations
 - Level 2.9 Earth Magic
 + Level 20.2 Invocations
 - Level 7.9 Evocations


You had 16 spell levels left.
You knew the following spells:

 Your Spells              Type           Power      Damage    Failure   Level
a - Passwall              Tmut/Erth      20%        N/A       3%          2
b - Apportation           Tloc           76%        N/A       1%          1
c - Lesser Beckoning      Tloc           76%        N/A       1%          2
d - Passage of Golubria   Tloc           38%        N/A       4%          4
t - Wereblood             Tmut           37%        N/A       1%          2

Your spell library contained the following spells:

 Spells                   Type           Power      Damage    Failure   Level
 Gell's Gravitas          Tloc           38%        N/A       1%          3
 Teleport Other           Tloc           38%        N/A       1%          3
 Sandblast                Erth           26%        2d8       10%         1
 Volatile Blastmotes      Fire/Tloc      42%        2d13      11%         3
 Spider Form              Tmut/Pois      20%        N/A       12%         3
 Ignite Poison            Fire/Tmut/Pois 14%        N/A       24%         3
 Magic Dart               Conj           12%        1d3       32%         1
 Necrotise                Necr           12%        1d4       32%         1
 Shock                    Conj/Air       12%        1d3       32%         1
 Summon Small Mammal      Summ           12%        N/A       32%         1
 Iskenderun's Mystic Bla  Conj/Tloc      21%        2d6       36%         4
 Ice Form                 Ice/Tmut       20%        N/A       38%         4
 Ensorcelled Hibernation  Hex/Ice        6%         N/A       43%         2
 Searing Ray              Conj           6%         2d4       43%         2
 Sublimation of Blood     Necr           3%         N/A       43%         2
 Stone Arrow              Conj/Erth      16%        3d8       45%         3
 Dazzling Flash           Conj/Hex       6%         N/A       67%         3
 Hailstorm                Conj/Ice       3%         3d3       67%         3
 Summon Guardian Golem    Hex/Summ       3%         N/A       67%         3
 Swiftness                Air            3%         N/A       67%         3
 Lee's Rapid Deconstruct  Erth           6%         3d6*      95%         5
 Airstrike                Air            1%         2d(1-17)  97%         4
 Anguish                  Hex/Necr       1%         N/A       97%         4
 Fulminant Prism          Conj/Hex       1%         3d5       97%         4
 Sticky Flame             Conj/Fire      3%         2d3       97%         4
 Agony                    Necr           3%         N/A       100%        5
 Silence                  Hex/Air        1%         N/A       100%        5
 Simulacrum               Ice/Necr       1%         N/A       100%        6
 Starburst                Conj/Fire      1%         6d3       100%        6
 Orb of Destruction       Conj           1%         9d5       100%        7
 Spellforged Servitor     Conj/Summ      1%         N/A       100%        7
 Summon Hydra             Summ           1%         N/A       100%        7
 Ignition                 Fire           1%         3d3       100%        8
 Lehudib's Crystal Spear  Conj/Erth      4%         10d3      100%        8


Dungeon Overview and Level Annotations

Branches:
Dungeon (15/15)            Temple (0/1) D:7            Lair (5/5) D:9
  Swamp (4/4) Lair:2        Snake (4/4) Lair:2        Slime (1/5) Lair:4
    Orc (2/2) D:12            Elf (0/3) Orc:2        Vaults (5/5) D:13
  Crypt (0/3) Vaults:3     Depths (0/4) D:15          Sewer (visited)
  IceCv (visited)

Altars:
Ashenzari
Cheibriados
Dithmenos
Elyvilon
Fedhas
Kikubaaqudgha
Nemelex Xobeh
Ru
Uskayaw
Vehumet
Wu Jian
Xom
Yredelemnul
Zin
Jiyva

Shops:
D:3 *   D:5 [   D:14 *   Orc:2 :*[([*=:*   Snake:1 ?   Snake:2 (   Vaults:2 (=
Vaults:4 *

Portals:
Trove: D:14 (give +3 ice dragon scales)

Annotations:
D:9 exclusion: ice statue
Snake:2 Roxanne
Orc:1 1 runed translucent door, Ogyasib's ghost, adept SpCj
Vaults:4 36 runed doors


Innate Abilities, Weirdness & Mutations

You are completely covered in rugged brown scales. (AC +3, +7% HP)
Armour fits poorly on your strangely shaped body.
You have a long armoured tail.
You roll when moving toward enemies. (Rampage)
Your long tongue fully drains potion bottles. (2x potion effects)
Your tongue gives you trouble enunciating. (1.5x scroll delay)


Message History

The ironbound convoker is heavily wounded.
You puncture the ironbound convoker! You burn the ironbound convoker.
The ironbound convoker is severely wounded.
A vault warden comes into view. It is wielding a +0 battleaxe.
The vault warden shouts!
You sock the ironbound convoker! You burn the ironbound convoker.
The ironbound convoker is almost dead.
You hear a shout!
You closely miss the ironbound convoker.
Your tail-slap misses the ironbound convoker.
The ironbound convoker is almost dead.
You sock the vault guard! You burn the vault guard!
The vault guard is severely wounded.
You hear a shout!
You block the vault guard's attack.
You pound the vault guard like an anvil!!!
You burn the vault guard.
You kill the vault guard!
Your Armour skill increases to level 13!
You roll towards the ironbound convoker!
You barely miss the ironbound convoker.
The ironbound convoker is almost dead.
A vault guard comes into view.
It is wielding a +3 dire flail of holy wrath.
The ironbound convoker hits you with a +0 great mace.
Elyvilon protects you from harm!
You impale the ironbound convoker!! You burn the ironbound convoker.
You kill the ironbound convoker!
You are no longer berserk.
You are exhausted.
You feel yourself slow down.
The tengu reaver points at you and mumbles some strange words.
The bolt of fire hits you! You resist. Elyvilon protects you from harm!
Okay, then.
You are healed.
The tengu reaver casts a spell at you. The bolt of lightning hits you!
* * * LOW HITPOINT WARNING * * *
The vault warden hits you with a +0 battleaxe!!
You die...

#..# #.)# #.)# ....
#..#. ...#
#..#[...# #))#...#
#).#..# #).#p.##..
#)@pp.....
#.)Q.##############
#..........).......
#).................
###################


You could see an ironbound preserver, a vault warden, a tengu reaver and a vault
guard.

Vanquished Creatures
  An ancient lich (Vaults:5)
  Margery (Vaults:3)
  Saint Roka (Vaults:4)
  Jorgrun (Orc:2)
  Mlioglotl (Snake:1)
  3 tentacled monstrosities
  2 titans (Vaults:4)
  A lich (Vaults:4)
  A quicksilver dragon (Vaults:5)
  The ghost of Eboth the Blocker, an adept GnFi of Okawaru (Swamp:3)
  A sphinx (Vaults:3)
  6 nagarajas
  3 tengu reavers (Vaults:4)
  Donald (Vaults:1)
  2 fire giants
  The ghost of howech the Severer, a journeyman MiBe of Trog (D:12)
  An iron dragon (Vaults:5)
  13 vault wardens
  A frost giant (Vaults:3)
  2 orc warlords
  A quicksilver ooze (Lair:4)
  A very ugly thing (Vaults:4)
  A formless jellyfish (Vaults:1)
  2 stone giants (Vaults:5)
  15 ironbound preservers
  3 war gargoyles
  4 eleionomae
  A vampire knight (D:14)
  4 ironbound thunderhulks
  Nessos (Lair:4)
  A deep elf demonologist (Vaults:4)
  5 bunyips
  The ghost of Isacrifa the Basher, a journeyman AtFi of Jiyva (Lair:2)
  14 dire elephants
  3 ettins
  3 crystal guardians
  2 deep elf death magi
  Snorg (D:12)
  2 spectral fenstrider witches (Swamp:3)
  3 great orbs of eyes
  14 yaktaur captains
  5 entropy weavers
  A quicksilver dragon zombie (Vaults:3)
  Fannar (D:10)
  43 vault guards
  3 peacekeepers
  6 ironbound frosthearts
  A ghost crab (Swamp:3)
  5 anacondas
  4 ogre magi
  2 salamander tyrants (Snake:4)
  20 two-headed ogres
  16 centaur warriors
  16 hydras
  3 boulder beetles
  2 death knights
  7 alligators
  An orc high priest (Orc:2)
  21 naga warriors
  Urug (Lair:1)
  A tengu warrior (D:14)
  17 naga sharpshooters
  Sonja (Lair:3)
  3 spriggans (Swamp:1)
  13 hell knights
  A shadow wraith (Vaults:4)
  14 deep trolls
  6 salamander mystics
  2 skysharks
  Amaemon (D:10)
  4 goliath frogs
  3 sea snakes (Snake:1)
  A skeletal warrior (D:14)
  A spriggan druid (Swamp:3)
  Pikel (D:5)
  2 spectral hydras (Swamp:2)
  2 wizards
  18 bog bodies
  2 naga ritualists
  10 swamp dragons
  13 lindwurms
  4 phantasmal warriors
  13 orc knights
  12 ironbound convokers
  11 harpies
  32 ugly things
  6 goliath frog zombies (Swamp:2)
  4 wolf spider zombies (D:14)
  A fenstrider witch simulacrum (Swamp:3)
  A human zombie (Vaults:3)
  A spectral ice dragon (D:14)
  15 mana vipers
  2 manticores
  2 spectral spriggans (Swamp:3)
  5 necromancers
  2 deep elf pyromancers
  2 orc sorcerers (D:15)
  A shining eye (Lair:4)
  13 salamanders
  9 cyclopes
  3 will-o-the-wisps
  14 centaur zombies
  Joseph (D:7)
  3 molten gargoyles (Lair:5)
  A guardian serpent (Snake:2)
  9 elephants
  40 black mambas
  11 vault sentinels
  A gargoyle (D:12)
  An ice statue (IceCv)
  An orange demon (D:10)
  An unseen horror (D:12)
  26 naga magi
  2 torpor snails
  A cane toad (shapeshifter) (D:14)
  5 centaur skeletons
  9 cane toads
  5 swamp worm zombies (Swamp:2)
  14 komodo dragons
  12 ice devils (IceCv)
  2 unseen horror zombies (D:10)
  2 rime drakes (D:12)
  31 yaktaurs
  2 anaconda simulacra (IceCv)
  22 freezing wraiths
  5 trolls
  4 spectral deep trolls (D:14)
  2 polar bears
  A meliai (D:15)
  8 tyrant leeches
  Grinder (D:6)
  A bloated husk (Swamp:3)
  4 hornets
  A wolf spider simulacrum (D:14)
  4 spectral swamp dragons (Swamp:2)
  5 alligator zombies (Swamp:2)
  16 blink frogs
  A meliai zombie (D:14)
  9 dream sheep
  An ettin zombie (Vaults:3)
  A jumping spider (Vaults:3)
  Sigmund (D:5)
  26 slime creatures
  A flying skull (D:14)
  A centaur simulacrum (D:14)
  11 vampires
  55 yaks
  5 shadows (D:12)
  7 wraiths
  11 wyverns
  Eustachio (D:4)
  A dire elephant simulacrum (IceCv)
  Grum (D:8)
  7 redbacks
  3 steam dragons
  8 basilisks
  10 swamp worms
  3 death yak simulacra (IceCv)
  14 vampire mosquitoes
  38 nagas
  An acid dragon (D:9)
  2 harpy simulacra (IceCv)
  6 wargs
  2 death drake simulacra (Swamp:3)
  21 water moccasins
  11 hell hounds
  5 ice beasts
  A glowing shapeshifter skeleton (Vaults:3)
  A hornet zombie (D:15)
  52 orc warriors
  8 swamp drakes
  A sky beast (D:8)
  An ice dragon simulacrum (D:14)
  3 black bears
  7 wolves
  A tengu (shapeshifter) (Vaults:4)
  16 ogres
  A phantom (D:6)
  17 centaurs
  A kobold brigand (D:8)
  10 bullfrogs
  3 gnoll sergeants
  3 cane toad simulacra (IceCv)
  4 scorpions
  3 troll zombies (Swamp:2)
  11 wights
  2 elephant simulacra (IceCv)
  A spriggan zombie (Swamp:2)
  22 killer bees
  8 electric eels
  A howler monkey (D:12)
  5 lava snakes (Lair:5)
  2 jellies
  Crazy Yiuf (D:6)
  9 orc priests
  3 hounds
  A spectral boggart (D:14)
  6 iguanas
  22 orc wizards
  6 spriggan simulacra
  5 polar bear simulacra (IceCv)
  A troll simulacrum (IceCv)
  A boggart skeleton (D:14)
  7 wolf simulacra (IceCv)
  2 boggart simulacra (D:14)
  2 howler monkey zombies (D:10)
  9 adders
  6 gnolls
  5 river rats
  4 ufetubi
  4 worms
  A dart slug (D:1)
  98 orcs
  14 ball pythons
  5 bats
  8 endoplasms
  16 giant cockroaches
  7 goblins
  12 hobgoblins
  4 quokkas
  2 frilled lizards
  15 kobolds
  14 rats
1546 creatures vanquished.

Vanquished Creatures (collateral kills)
  A deep troll (Vaults:1)
  3 killer bees (D:8)
4 creatures vanquished.

Vanquished Creatures (others)
  A dread lich (Vaults:4)
  A titan (Vaults:5)
  A shadow dragon (Vaults:5)
  3 vault wardens (Vaults:3)
  A very ugly thing (Vaults:5)
  An ettin (Vaults:5)
  A yaktaur captain (Vaults:5)
  A vault guard (Vaults:3)
  2 hydras (Swamp:4)
  2 ironbound frosthearts (Vaults:1)
  2 shock serpents (Snake:2)
  A naga warrior (Snake:3)
  A naga sharpshooter (Snake:1)
  A deep troll (Vaults:1)
  A naga ritualist (Snake:4)
  A mana viper (Snake:2)
  A necromancer (Swamp:2)
  A yaktaur (Vaults:4)
  A meliai (D:15)
  A bloated husk (Swamp:1)
  A tyrant leech (Swamp:1)
  3 nagas
  A swamp drake (Swamp:4)
  An orc (Vaults:5)
  14 foxfires
45 creatures vanquished.

Grand Total: 1595 creatures vanquished

Notes
Turn   | Place    | Note
-------+----------+-------------------------------------------
     0 | D:1      | Shard1697 the Armataur Fighter began the quest for the Orb.
     0 | D:1      | Reached XP level 1. HP: 19/19 MP: 1/1
   209 | D:1      | Reached XP level 2. HP: 25/26 MP: 2/2
   818 | D:1      | Reached XP level 3. HP: 32/32 MP: 3/3
  1524 | D:3      | Found a shimmering altar of Xom.
  1611 | D:3      | Found an ornate altar of the Wu Jian Council.
  1665 | D:3      | Reached XP level 4. HP: 39/39 MP: 4/4
  1842 | D:3      | Found a shadowy altar of Dithmenos.
  2120 | D:3      | Found a hide-covered altar of Uskayaw.
  2282 | D:3      | Found Umaxaf's General Store.
  2286 | D:3      | Bought a potion of haste for 100 gold pieces
  2556 | D:4      | Noticed a black bear
  2564 | D:4      | Killed a black bear
  2565 | D:4      | Reached skill level 5 in Maces & Flails
  2565 | D:4      | Reached XP level 5. HP: 29/44 MP: 5/5
  2676 | D:4      | Noticed an ogre
  2686 | D:4      | Reached XP level 6. HP: 43/54 MP: 6/6
  3013 | D:4      | Noticed Eustachio
  3020 | D:4      | Killed Eustachio
  3021 | D:4      | Reached XP level 7. HP: 55/63 MP: 7/7
  3342 | D:5      | Entered Level 5 of the Dungeon
  3347 | D:5      | Found Cuvesyubb's Armour Boutique.
  3376 | D:5      | Found a glowing drain.
  3446 | Sewer    | Entered a sewer
  3816 | D:5      | Reached skill level 5 in Fighting
  3823 | D:5      | Reached XP level 8. HP: 46/73 MP: 8/8
  4150 | D:5      | Noticed Sigmund
  4158 | D:5      | Killed Sigmund
  4389 | D:5      | Noticed Pikel
  4400 | D:5      | Killed Pikel
  4624 | D:5      | Found a white marble altar of Elyvilon.
  4624 | D:5      | Found a blossoming altar of Fedhas.
  4697 | D:5      | Became a worshipper of Elyvilon the Healer
  4917 | D:5      | Reached skill level 1 in Invocations
  4917 | D:5      | Reached XP level 9. HP: 79/84 MP: 9/9
  5096 | D:6      | Reached skill level 2 in Invocations
  5246 | D:6      | Noticed Grinder
  5265 | D:6      | Killed Grinder
  5276 | D:6      | Reached skill level 3 in Invocations
  5494 | D:6      | Reached skill level 4 in Invocations
  5691 | D:6      | Found a sparkling altar of Nemelex Xobeh.
  5720 | D:6      | Reached * piety under Elyvilon
  5784 | D:6      | Found a runed translucent door.
  5785 | D:6      | Noticed Crazy Yiuf
  5793 | D:6      | Killed Crazy Yiuf
  6246 | D:7      | Reached XP level 10. HP: 96/96 MP: 13/13
  6305 | D:7      | Found a staircase to the Ecumenical Temple.
  6433 | D:7      | Reached skill level 5 in Invocations
  6603 | D:7      | Reached ** piety under Elyvilon
  6687 | D:7      | Reached skill level 10 in Maces & Flails
  6961 | D:7      | Noticed Joseph
  6980 | D:7      | Killed Joseph
  7499 | D:8      | Reached skill level 6 in Invocations
  8007 | D:8      | Found a sacrificial altar of Ru.
  8008 | D:8      | Noticed Grum
  8044 | D:8      | Killed Grum
  8267 | D:8      | Reached *** piety under Elyvilon
  8948 | D:9      | Reached skill level 7 in Invocations
  8958 | D:9      | Reached XP level 11. HP: 105/105 MP: 16/16
  9322 | D:9      | Found a glowing silver altar of Zin.
  9328 | D:9      | Reached **** piety under Elyvilon
  9409 | D:5      | Bought the +1 pair of gloves of Reason {+Blink} for 258
                  | gold pieces
  9737 | D:9      | Found a staircase to the Lair.
  9758 | D:9      | Reached skill level 10 in Fighting
 10112 | D:10     | Entered Level 10 of the Dungeon
 10294 | D:10     | Reached skill level 1 in Evocations
 10433 | D:10     | Found a basalt altar of Yredelemnul.
 10492 | D:10     | Reached skill level 8 in Invocations
 10601 | D:10     | Found a broken altar of Ashenzari.
 10603 | D:10     | Found a snail-covered altar of Cheibriados.
 10657 | D:10     | Noticed Fannar
 10706 | D:10     | Killed Fannar
 10707 | D:10     | Reached skill level 5 in Shields
 11346 | D:10     | Noticed Amaemon
 11355 | D:10     | Killed Amaemon
 11557 | D:11     | Noticed a green ugly thing
 11582 | D:11     | Killed a green ugly thing
 11729 | D:11     | Reached ***** piety under Elyvilon
 11931 | D:11     | Noticed a boulder beetle
 11932 | D:11     | Pacified a boulder beetle
 11933 | D:11     | Reached XP level 12. HP: 113/113 MP: 15/18
 11974 | D:11     | Noticed a boulder beetle
 11975 | D:11     | Pacified a boulder beetle
 11976 | D:11     | Reached skill level 9 in Invocations
 12127 | D:11     | Reached skill level 5 in Evocations
 12498 | D:12     | Found a runed translucent gate.
 12502 | D:12     | Noticed Snorg
 12521 | D:12     | Killed Snorg
 12591 | D:12     | Found a frozen archway.
 12597 | IceCv    | Entered an ice cave
 12955 | IceCv    | Identified the +0 pair of boots "Zummoed" {rF+ Dex+4 SInv}
 13134 | IceCv    | Reached skill level 10 in Invocations
 13456 | IceCv    | Found an ancient bone altar of Kikubaaqudgha.
 13549 | IceCv    | Reached XP level 13. HP: 121/121 MP: 20/20
 14186 | D:12     | Found a staircase to the Orcish Mines.
 14241 | D:12     | Reached skill level 11 in Invocations
 14570 | D:12     | Found a runed translucent gate.
 14570 | D:12     | Found a runed translucent gate.
 14570 | D:12     | Noticed howech's ghost (journeyman MiBe)
 14872 | D:12     | Identified the +4 great mace of Nolo Contendere {venom,
                  | rElec rPois rF+++}
 14909 | Orc:1    | Entered Level 1 of the Orcish Mines
 14939 | Orc:1    | Found a radiant altar of Vehumet.
 15145 | Orc:1    | Found a runed translucent door.
 15146 | Orc:1    | Noticed Ogyasib's ghost (adept SpCj)
 15210 | Orc:1    | Reached skill level 10 in Shields
 15532 | Orc:2    | Entered Level 2 of the Orcish Mines
 15571 | Orc:2    | Found Porghuf's Book Shoppe.
 15716 | Orc:2    | Noticed Jorgrun
 15736 | Orc:2    | Killed Jorgrun
 16002 | Orc:2    | Found Limisma's Jewellery Shop.
 16002 | Orc:2    | Found Koruek's Assorted Antiques.
 16023 | Orc:2    | Bought a +4 ring of slaying for 858 gold pieces
 16135 | Orc:2    | Found Wuc Zagu's Armour Emporium.
 16176 | Orc:2    | Found Leedu's General Store.
 16273 | Orc:2    | Bought a potion of heal wounds for 80 gold pieces
 16294 | Orc:2    | Reached skill level 12 in Invocations
 16378 | Orc:2    | Found a staircase to the Elven Halls.
 16616 | Orc:2    | Found Zawiwim's Armour Shop.
 16616 | Orc:2    | Found Zaimmig's Weapon Emporium.
 16725 | Orc:2    | Found Anasad Mixeu's Book Shoppe.
 16872 | Orc:2    | Found Xotoilia's General Store.
 16876 | Orc:2    | Bought a potion of degeneration for 13 gold pieces
 17023 | D:12     | Killed howech's ghost
 17097 | Lair:1   | Entered Level 1 of the Lair of Beasts
 17254 | Lair:1   | Reached XP level 14. HP: 132/132 MP: 23/23
 17267 | Lair:1   | Noticed Urug
 17276 | Lair:1   | Killed Urug
 18234 | Lair:2   | Found a runed translucent door.
 18235 | Lair:2   | Noticed Isacrifa's ghost (journeyman AtFi)
 18257 | Lair:2   | Killed Isacrifa's ghost
 18601 | Lair:2   | Found a staircase to the Swamp.
 18641 | Lair:2   | Reached ****** piety under Elyvilon
 18728 | Lair:2   | Found a staircase to the Snake Pit.
 18754 | Lair:2   | Reached skill level 13 in Invocations
 19515 | Lair:3   | Noticed Sonja
 19517 | Lair:3   | Killed Sonja
 20034 | Lair:4   | Found a staircase to the Slime Pits.
 20034 | Lair:4   | Found a viscous altar of Jiyva.
 20043 | Lair:4   | Noticed Nessos
 20046 | Lair:4   | Killed Nessos
 20483 | Lair:5   | Entered Level 5 of the Lair of Beasts
 20754 | Lair:5   | Identified the +5 ring mail of Dadihaowk {rN+ MP+9}
 21090 | Lair:5   | Reached XP level 15. HP: 139/139 MP: 25/25
 21288 | Lair:5   | Identified the +1 chain mail of Exclusion {-Tele rC+ Will-
                  | Str+8}
 21642 | Lair:5   | Found a large runed translucent door.
 21643 | Lair:5   | Found a large runed translucent door.
 22255 | Snake:1  | Entered Level 1 of the Snake Pit
 22463 | Snake:1  | Reached skill level 14 in Invocations
 22573 | Snake:1  | Found Fivam's Magic Scroll Boutique.
 24038 | Snake:1  | Noticed Mlioglotl
 24057 | Snake:1  | Killed Mlioglotl
 24258 | Snake:2  | Found Qupnuac's Weapon Shoppe.
 24262 | Snake:2  | Reached skill level 15 in Maces & Flails
 24571 | Snake:2  | Found a runed translucent gate.
 24571 | Snake:2  | Found a runed translucent gate.
 24571 | Snake:2  | Found a runed translucent gate.
 25294 | Snake:2  | Noticed a nagaraja
 25308 | Snake:2  | Killed a nagaraja
 25370 | Snake:2  | Reached skill level 15 in Invocations
 25370 | Snake:2  | Reached XP level 16. HP: 65/146 MP: 27/27
 25405 | Snake:2  | Identified Roxanne's Discourse on Transformation
 25405 | Snake:2  | Noticed Roxanne
 25977 | Snake:2  | Reached skill level 15 in Shields
 26583 | Snake:3  | Reached skill level 1 in Dodging
 28025 | Snake:3  | Identified a scroll of acquirement
 28026 | Snake:3  | Acquired 552 gold pieces
 28088 | Snake:1  | Bought 2 scrolls of acquirement for 1248 gold pieces
 28089 | Snake:1  | Acquired 712 gold pieces
 28092 | Snake:1  | Acquired 627 gold pieces
 28095 | Snake:1  | Bought a scroll of silence for 114 gold pieces
 28095 | Snake:1  | Bought 2 scrolls of teleportation for 72 gold pieces
 28095 | Snake:1  | Bought a scroll of teleportation for 36 gold pieces
 28095 | Snake:1  | Bought a scroll of teleportation for 36 gold pieces
 28992 | Snake:4  | Entered Level 4 of the Snake Pit
 29380 | Snake:3  | Reached skill level 16 in Invocations
 31028 | Snake:4  | Reached XP level 17. HP: 142/154 MP: 29/29
 31564 | Snake:4  | Reached skill level 5 in Dodging
 31654 | Snake:4  | Got a serpentine rune of Zot
 32108 | Swamp:1  | Entered Level 1 of the Swamp
 32112 | Swamp:1  | Reached skill level 5 in Armour
 33638 | Swamp:2  | Identified the +10 short sword of the Pits of Slime {elec,
                  | *Rage rF+ rCorr Int+5}
 33835 | Swamp:2  | Noticed a tentacled monstrosity
 33850 | Swamp:2  | Killed a tentacled monstrosity
 33997 | Swamp:2  | Reached skill level 17 in Invocations
 34636 | Swamp:2  | Identified the ring "Kisoq" {rPois rC- Int+6}
 35256 | Swamp:3  | Found a runed translucent gate.
 35257 | Swamp:3  | Found a runed translucent gate.
 35258 | Swamp:3  | Found a runed translucent gate.
 35929 | Swamp:3  | Noticed Eboth's ghost (adept GnFi)
 35981 | Swamp:3  | Killed Eboth's ghost
 36255 | Swamp:3  | Identified the ring of the Peasants {rN+ Int+6 Stlth+}
 36294 | Swamp:4  | Entered Level 4 of the Swamp
 36721 | Swamp:4  | Reached XP level 18. HP: 97/161 MP: 30/30
 36978 | Swamp:4  | Reached skill level 10 in Armour
 37364 | Swamp:4  | Noticed the 27-headed Lernaean hydra
 37365 | Swamp:4  | Pacified the 27-headed Lernaean hydra
 37380 | Swamp:4  | Got a decaying rune of Zot
 37410 | Swamp:4  | Reached skill level 18 in Invocations
 37792 | D:13     | Found a gate to the Vaults.
 38743 | D:14     | Found Koenwiuf's Assorted Antiques.
 39538 | D:14     | Learned a level 2 spell: Wereblood
 39572 | D:14     | Reached skill level 1 in Transmutations
 39575 | D:14     | Learned a level 2 spell: Passwall
 40026 | D:14     | Found a portal to a secret trove of treasure.
 40213 | D:14     | Reached skill level 5 in Transmutations
 40435 | D:14     | Found an ancient bone altar of Kikubaaqudgha.
 40582 | D:15     | Entered Level 15 of the Dungeon
 41029 | D:15     | Reached XP level 19. HP: 77/170 MP: 32/32
 41355 | D:15     | Found a staircase to the Depths.
 41913 | D:15     | Identified the +2 scale mail of Erado {rN++ Str+4 Dex+2}
 42400 | Slime:1  | Entered Level 1 of the Pits of Slime
 42849 | Vaults:1 | Entered Level 1 of the Vaults
 43085 | Vaults:1 | Reached skill level 1 in Earth Magic
 43557 | Vaults:1 | Noticed Donald
 43563 | Vaults:1 | Killed Donald
 44031 | Vaults:1 | Noticed Zenata
 44040 | Vaults:1 | Pacified Zenata
 44352 | Vaults:1 | Reached skill level 10 in Transmutations
 44422 | Vaults:1 | Learned a level 1 spell: Apportation
 44425 | Vaults:1 | Learned a level 2 spell: Lesser Beckoning
 44430 | Vaults:1 | Learned a level 4 spell: Passage of Golubria
 44510 | Vaults:1 | Reached skill level 1 in Translocations
 45102 | Vaults:1 | Paralysed by a formless jellyfish for 1 turns
 45470 | Vaults:1 | Reached skill level 5 in Translocations
 45942 | Vaults:2 | Found Xoank's Jewellery Shop.
 46173 | Vaults:2 | You fall into a shaft and drop 1 floor!
 46994 | Vaults:3 | Found a staircase to the Crypt.
 47820 | Vaults:3 | Reached XP level 20. HP: 162/178 MP: 33/33
 49263 | Vaults:2 | Found Jalu's Weapon Shop.
 49554 | Vaults:2 | Reached skill level 1 in Spellcasting
 49704 | Vaults:2 | Reached skill level 19 in Invocations
 51220 | Vaults:4 | Found a huge runed gate.
 51220 | Vaults:4 | Found a huge runed gate.
 51220 | Vaults:4 | Found a huge runed gate.
 51220 | Vaults:4 | Found a huge runed gate.
 51220 | Vaults:4 | Found a huge runed gate.
 51220 | Vaults:4 | Found a huge runed gate.
 51221 | Vaults:4 | Found a huge runed gate.
 51221 | Vaults:4 | Found a huge runed gate.
 51221 | Vaults:4 | Found a huge runed gate.
 51221 | Vaults:4 | Found a huge runed gate.
 51226 | Vaults:4 | Found a huge runed gate.
 51226 | Vaults:4 | Found a huge runed gate.
 51226 | Vaults:4 | Found a huge runed gate.
 51226 | Vaults:4 | Found a huge runed gate.
 51226 | Vaults:4 | Found a huge runed gate.
 51226 | Vaults:4 | Found a huge runed gate.
 51227 | Vaults:4 | Found a huge runed gate.
 51230 | Vaults:4 | Found Zoikuer's Assorted Antiques.
 51237 | Vaults:4 | Bought 2 potions of heal wounds for 380 gold pieces
 51294 | Vaults:4 | Found a huge runed gate.
 51295 | Vaults:4 | Found a huge runed gate.
 51303 | Vaults:4 | Found a huge runed gate.
 51303 | Vaults:4 | Found a huge runed gate.
 51303 | Vaults:4 | Found a huge runed gate.
 51303 | Vaults:4 | Found a huge runed gate.
 51303 | Vaults:4 | Found a huge runed gate.
 51303 | Vaults:4 | Found a huge runed gate.
 51304 | Vaults:4 | Found a huge runed gate.
 51305 | Vaults:4 | Found a huge runed gate.
 51306 | Vaults:4 | Found a huge runed gate.
 51314 | Vaults:4 | Found a huge runed gate.
 51314 | Vaults:4 | Found a huge runed gate.
 51314 | Vaults:4 | Found a huge runed gate.
 51314 | Vaults:4 | Found a huge runed gate.
 51314 | Vaults:4 | Found a huge runed gate.
 51314 | Vaults:4 | Found a huge runed gate.
 51315 | Vaults:4 | Found a huge runed gate.
 51316 | Vaults:4 | Found a huge runed gate.
 51807 | Vaults:4 | Reached skill level 10 in Translocations
 51967 | Vaults:4 | Noticed Aizul
 51976 | Vaults:4 | Pacified Aizul
 53028 | Vaults:4 | Noticed Saint Roka
 53052 | Vaults:4 | Noticed Margery
 53684 | Vaults:3 | Killed Margery
 53825 | Vaults:4 | Killed Saint Roka
 53830 | Vaults:4 | Reached skill level 1 in Stealth
 54215 | Vaults:5 | Entered Level 5 of the Vaults
 54227 | Vaults:5 | Reached XP level 21. HP: 144/191 MP: 34/34
 54250 | Vaults:5 | Noticed a golden dragon
 54480 | Vaults:5 | Pacified a golden dragon
 55166 | Vaults:4 | Noticed a dread lich
 55169 | Vaults:4 | Pacified a dread lich
 55170 | Vaults:4 | Reached skill level 5 in Stealth
 55175 | Vaults:4 | Killed a dread lich
 55428 | Vaults:4 | Reached skill level 20 in Invocations
 56287 | Vaults:5 | Identified the +1 chain mail of Jogosokk {Str+3 Int+3}
 57275 | Vaults:5 | Noticed an ancient lich
 57322 | Vaults:5 | Identified the +2 chain mail of Dust Devil {rC- rCorr
                  | Int+2}
 57368 | Vaults:5 | HP: 10/289 [vault guard/+0 dire flail[a vault warden] (6)]
 57371 | Vaults:5 | HP: 3/289 [something (8)]
 57376 | Vaults:5 | Killed an ancient lich
 57377 | Vaults:5 | HP: 1/289 [vault guard/+0 battleaxe[a vault warden] (5)]
 57384 | Vaults:5 | Elyvilon protects you from harm!
 57385 | Vaults:5 | Elyvilon protects you from harm!
 57386 | Vaults:5 | Demolished by a vault warden

Illustrated notes

Levels and vault maps discovered:
D:1:      dpeg_chamrin_arrival_tetris, layout_loops_corners
D:2:      layout_basic, minmay_door_square
D:3:      minmay_roachtagon, layout_basic, mainiacjoe_overflow_brackets,
          mainiacjoe_overflow_alcove_1, xom_teletrap_fun,
          nicolae_dithmenos_shadow_blocks, serial_shops,
          nicolae_shop_pleasant_corner_grove, st_stairs_4
D:4:      layout_gridville, uniq_eustachio
D:5:      black_bear_nest_2, layout_loops_ring, gammafunk_temple_overflow_wave,
          serial_shops, shop, portal_sewer_entry_b, minivault_24, minivault_19,
          uniq_pikel, uniq_sigmund
D:6:      layout_basic, nemelex_diamond_rough_becter, uniq_crazy_yiuf_cottage,
          uniq_grinder
D:7:      layout_basic, temple_pool_b, uniq_joseph
D:8:      layout_cave_pods, mainiacjoe_overflow_24_doors,
          ebering_dispersal_statue_hall, uniq_grum
D:9:      minmay_statue_hallways, layout_stronghold,
          mainiacjoe_overflow_cross_hatched, david_lair_shrubbed
D:10:     layout_loops_ring, grunt_temple_overflow_open,
          nicolae_yredelemnul_corpse_copse, uniq_fannar, uniq_amaemon
D:11:     layout_irregular_city, chequers_serial_rivers_micro_e
D:12:     minmay_inner_zag, layout_irregular_city,
          minmay_orc_entry_temple_small, portal_ice_cave_rime,
          gauntlet_entry_generic, ebering_ghost_rock_garden, serial_undead,
          serial_undead_c, serial_undead_a, serial_undead_b, serial_undead_c,
          serial_undead_c, serial_undead_d, serial_undead_a, uniq_snorg
D:13:     minmay_general_purpose_star, layout_rooms, erik_vaults_2
D:14:     lemuel_vampire_tower, layout_irregular_city, serial_bayou_pond_b,
          serial_shops, nicolae_shop_overgrown_old_shop, enter_trove_3,
          grunt_tough_drop
D:15:     grunt_enter_depths_magical_seal, layout_cave_pods,
          chequers_serial_rivers_large_a
Lair:1:   layout_gridlike, beast_lair_carwin_1, grunt_megastairs_3, uniq_urug
Lair:2:   layout_loops_ring, palyth_hydra_swamp_entry,
          minmay_snake_entry_six_corridors, gammafunk_ghost_grave
Lair:3:   layout_regular_city, lemuel_fruit_fields, infiniplex_staircase_pool,
          uniq_sonja
Lair:4:   layout_hall_layers, slime_entry_1, lemuel_fruit_tree, uniq_nessos
Lair:5:   cheibrodos_lair_end_hotspot, layout_cellular_growth,
          serial_bayou_shore_a
Swamp:1:  layout_basic_swamp, evilmike_swamp_ruin_house_2
Swamp:2:  cheibrodos_swamp_mausoleum, layout_falls_marsh,
          nicolae_swamp_well_well_well, swamp_pool2, nicolae_swamp_little_swirl
Swamp:3:  layout_basic_swamp, gammafunk_ghost_necromancy, serial_swamp_ruin,
          hangedman_swamp_ruin_wall, evilmike_swamp_ruin_house_6,
          evilmike_swamp_ruin_rubble_1
Swamp:4:  grunt_swamp_rune_castle, layout_basic_swamp
Snake:1:  layout_onion_interference, serial_shops, nicolae_shop_gibbet_a_chance,
          nicolae_snake_snake_lake, nicolae_twisty_statue_hallways,
          grunt_megastairs_1, uniq_mlioglotl
Snake:2:  hangedman_cross_stitches, layout_misc_corridors, serial_shops, shop,
          drop_trap, nicolae_snake_horde_hoard, grunt_megastairs_4, uniq_roxanne
Snake:3:  layout_grid_maze
Snake:4:  snake_pit, layout_cave_town, serial_bayou_shore_b
Slime:1:  layout_caves
Orc:1:    layout_caves, basic_altar, gammafunk_ghost_grave,
          nicolae_orc_flooded_monolith
Orc:2:    st_orc_town, layout_diamond_mine, serial_shops,
          nicolae_shop_back_alley_shop, shop, nicolae_shop_getting_attention,
          shop, nicolae_shop_tiny_real_fake_doors, uniq_jorgrun
Vaults:1: nicolae_vaults_house_1, nicolae_vaults_arrows,
          nicolae_vaults_trapezoid_3, ontoclasm_vaults_ring_large,
          nicolae_vaults_network_quinsquares
          [nicolae_vaults_network_quincunx_subvault,
          nicolae_vaults_network_quincunx_subvault,
          nicolae_vaults_network_quincunx_subvault,
          nicolae_vaults_network_quincunx_subvault],
          nicolae_vaults_shrinking_rooms_1, v_alt_pattern_6,
          nicolae_vaults_storage_room_glass,
          nicolae_vaults_offset_grid_hallway_3,
          nicolae_vaults_closet_pinwheel_1, nicolae_vaults_surprise_closet_hard,
          layout_vaults_big_cross, serial_glass, uniq_donald, uniq_zenata
Vaults:2: nicolae_vaults_taking_the_gang_shopping,
          nicolae_vaults_doubleplus_tesselated, v_rooms_5,
          nicolae_vaults_closet_pinwheel_4, vaults_mumra_chevron_long,
          nicolae_vaults_closet_pinwheel_6, nicolae_vaults_wine_cellar,
          nicolae_vaults_tetromino_L_1, layout_vaults_chaotic_city,
          serial_shops, nicolae_shop_statue_plus
Vaults:3: nicolae_vaults_meeting, hangedman_vaults_hat, vaults_room_door_hall,
          nicolae_vaults_little_squares_3, nicolae_vaults_diamond_1,
          grunt_vaults_funnel, nicolae_vaults_little_squares_3,
          layout_vaults_omnigrid
Vaults:4: nicolae_vaults_what_the_h, nicolae_vaults_rhombus_5,
          nicolae_vaults_spaceships, vaults_mumra_hex, door_vault,
          nicolae_vaults_double_plus_2, nicolae_vaults_trapezoid_3, v_misc_19,
          ontoclasm_vaults_decontamination, nicolae_vaults_border_crossing,
          nicolae_vaults_lightning_bolt, v_misc_30, nicolae_vaults_octothorpe,
          ontoclasm_vaults_spin, nicolae_vaults_two_Ls,
          layout_vaults_maze_bifur, serial_shops,
          nicolae_shop_tiny_statue_garden, uniq_saint_roka, uniq_aizul,
          uniq_margery
Vaults:5: serial_shops

Skill      XL: |  1  2  3  4  5  6  7  8  9 10 11 12 13 14 15 16 17 18 19 20 21 |
---------------+----------------------------------------------------------------+-----
Maces & Flails | 2 3 5 6 7 8 9 10 11 12 13 14 15 16 | 16.5
Fighting       | 3 4 5 7 8 9 10 11 13 14 | 14.3
Invocations    | 1 4 7 8 10 12 13 15 16 17 18 19 20 | 20.2
Evocations     | 4 5 7 |  7.9
Shields        | 6 8 11 12 14 15 | 15.0
Dodging        | 4 7 8 |  8.5
Armour         | 9 10 11 13 | 13.0
Transmutations | 6 10 | 10.0
Earth Magic    | 2 |  2.9
Translocations | 8 10 | 10.5
Spellcasting   | 3 |  3.8
Stealth        | 2 6 |  6.9

Action                     |  1- 3 |  4- 6 |  7- 9 | 10-12 | 13-15 | 16-18 | 19-21 || total
---------------------------+-------+-------+-------+-------+-------+-------+-------++-------
  Melee: Flail             |    27 |       |       |       |       |       |       ||    27
         Tailslap          |     8 |    20 |    65 |   201 |   299 |   314 |   365 ||  1272
         Whip              |   102 |   138 |   338 |  1044 |   209 |       |       ||  1831
         Morningstar       |       |       |       |    15 |   536 |       |     8 ||   559
         War axe           |       |       |       |       |    14 |       |       ||    14
         Eveningstar       |       |       |       |       |   832 |  1664 |  1454 ||  3950
         Broad axe         |       |       |       |       |       |       |     7 ||     7
  Throw: Dart              |       |       |       |       |       |       |     2 ||     2
   Cast: Wereblood         |       |       |       |       |       |       |    13 ||    13
         Passage of Golubr |       |       |       |       |       |       |     1 ||     1
 Invoke: Heal Other        |       |       |       |    10 |     8 |    26 |    29 ||    73
         Heal Self         |       |       |       |     1 |     6 |     8 |    12 ||    27
         Divine Vigour     |       |       |       |       |     1 |       |       ||     1
         Purification      |       |       |       |       |     2 |     3 |     2 ||     7
  Evoke: Wand              |       |       |       |       |    12 |     2 |       ||    14
    Use: Scroll            |       |       |    18 |     8 |     7 |     8 |    14 ||    55
         Potion            |       |       |       |     5 |     9 |     2 |    11 ||    27
   Stab: Invisible         |       |       |       |     3 |       |       |       ||     3
         Distracted        |       |       |       |       |     1 |       |       ||     1
         Sleeping          |       |       |       |       |       |       |     1 ||     1
 Armour: Scale mail        |    71 |    96 |       |       |       |       |       ||   167
         Leather armour    |       |       |   101 |   359 |       |       |       ||   460
         Troll leather arm |       |       |       |   156 |   546 |       |       ||   702
         Ring mail         |       |       |       |       |   173 |   712 |   655 ||  1540
         Swamp dragon scal |       |       |       |       |       |    16 |       ||    16
  Dodge: Dodged            |    25 |    31 |    46 |   203 |   291 |   359 |   414 ||  1369
  Block: Buckler           |    15 |    23 |    26 |   124 |       |       |       ||   188
         Kite shield       |       |       |       |   160 |   788 |   888 |   923 ||  2759

Table legend: (Time is in decaauts)
 A = Elapsed time spent in this place.
 B = Non-inter-level travel time spent in this place.
 C = Inter-level travel time spent in this place.
 D = Time resting spent in this place.
 E = Time spent auto-exploring this place.
 F = Levels seen in this place.
 G = Mean time per level.
                   A        B        C        D        E       F      G
               +--------+--------+--------+--------+--------+-----+--------+
         Total |  55966 |  53518 |   2448 |  15152 |  27150 |  38 | 1472.8 |
       Dungeon |  17899 |  16730 |   1169 |   1961 |  11201 |  15 | 1193.3 |
          Lair |   5921 |   5403 |    518 |    769 |   3488 |   5 | 1184.2 |
         Swamp |   5079 |   4960 |    119 |   1385 |   2455 |   4 | 1269.8 |
     Snake Pit |   9643 |   9275 |    368 |   4045 |   3559 |   4 | 2410.8 |
    Slime Pits |      4 |      4 |      0 |      0 |      0 |   1 |    4.0 |
  Orcish Mines |   2060 |   2007 |     53 |    181 |   1163 |   2 | 1030.0 |
        Vaults |  14198 |  13980 |    218 |   6606 |   5024 |   5 | 2839.6 |
         Sewer |    285 |    285 |      0 |      0 |    141 |   1 |  285.0 |
      Ice Cave |    872 |    872 |      0 |    203 |    119 |   1 |  872.0 |
               +--------+--------+--------+--------+--------+-----+--------+

Top non-repeatable levels by time:
Vaults:4: 4244 daAuts
 Snake:3: 3743 daAuts
Vaults:3: 3631 daAuts
Vaults:1: 3253 daAuts
Vaults:2: 2612 daAuts
 Snake:1: 2251 daAuts
 Snake:2: 1962 daAuts
    D:14: 1855 daAuts
  Lair:5: 1692 daAuts
 Snake:4: 1686 daAuts
 Swamp:2: 1590 daAuts
     D:8: 1511 daAuts
    D:12: 1496 daAuts
    D:15: 1478 daAuts
 Swamp:3: 1461 daAuts
